 Dungeon Sprint DCSS version 0.23-a0-26-g9187234747 (webtiles) character file.

177 GordonOverkill the Cleaver (level 5, -6/67 HPs)
             Began as a Hill Orc Berserker on Aug 3, 2018.
             Was a Priest of Trog.
             Mangled by a killer bee (12 damage)
             ... in the Dungeon (Sprint IV: "Fedhas' Mad Dash").
             The game lasted 00:01:22 (639 turns).

GordonOverkill the Cleaver (Hill Orc Berserker)      Turns: 639, Time: 00:01:23

Health: -6/67      AC:  2    Str: 26    XL:     5   Next: 57%
Magic:  9/10       EV: 12    Int:  7    God:    Trog [***...]
Gold:   57         SH:  0    Dex: 10    Spells: 4/4 levels left

rFire    . . .     SeeInvis .   a - +0 hand axe
rCold    . . .     Gourm    .   (no shield)
rNeg     . . .     Faith    .   b - +0 animal skin
rPois    .         Spirit   .   (no helmet)
rElec    .         Reflect  .   (no cloak)
rCorr    .         Harm     .   (no gloves)
MR       .....     NoTele   +   (no boots)
Stlth    ..........             j - amulet of invisibility {+Inv}
HPRegen  0.21/turn              (no ring)
MPRegen  0.12/turn              (no ring)

@: berserking, lethally poisoned (-6 -> -12), very quick
A: no striking features
a: Berserk, Trog's Hand, Renounce Religion, Evoke Invisibility


You were in the Dungeon.
You worshipped Trog.
Trog was most pleased with you.
You were not hungry.

You visited 1 branch You collected 57 gold pieces.

Inventory:

Hand Weapons
 a - a +0 hand axe (weapon)
Armour
 b - a +0 animal skin (worn)
Jewellery
 j - the amulet of invisibility (around neck) {+Inv}
   (You found it in the Dungeon)

   [amulet of nothing]

   It lets you turn invisible.
Scrolls
 e - a scroll of remove curse {unknown}
 i - a scroll of blinking
Potions
 d - a potion of curing
 f - a potion of haste
 g - 2 potions of magic
 h - a potion of berserk rage
Comestibles
 c - a ration


   Skills:
 - Level 3.6 Fighting
 - Level 10.4 Axes
 - Level 2.1 Armour
 - Level 1.5 Dodging
 + Level 7.9 Evocations


You had 4 spell levels left.
You didn't know any spells.
Your spell library was empty.

Dungeon Overview and Level Annotations

Branches:
Dungeon (1/1)

Altars:
Cheibriados
Dithmenos
Elyvilon
Gozag
Hepliaklqana
Kikubaaqudgha
Makhleb
Nemelex Xobeh
Okawaru
Qazlal
Ru
Sif Muna
Trog
Uskayaw
Vehumet
Wu Jian
Xom
Yredelemnul
Zin
The Shining One
Beogh
Jiyva
Lugonu


Message History

* * * LOW HITPOINT WARNING * * *
The killer bee rages.
You slice the queen bee!!
The queen bee is almost dead.
You slash the killer bee!
You feel sick. The killer bee stings you.
* * * LOW HITPOINT WARNING * * *
You are lethally poisoned!
The killer bee poisons you!
You completely miss the queen bee.
The queen bee is almost dead.
You miss the killer bee. The killer bee barely misses you.
The queen bee calls on the killer bee to defend it!
The killer bee goes berserk!
The killer bee rages.
You closely miss the queen bee.
The queen bee is almost dead.
You barely miss the killer bee.
* * * LOW HITPOINT WARNING * * *
You feel sick. The killer bee stings you!
You die...

########################
#<..P#.....#.....#.⌠._._
#PP..'÷....'.#...'.._._.
#PPPP#.....#.#...#..._._
###############'##.._._.
♣yy@.....'...#._._._
#%...yy♣.....#...#######
#.....♣..♣..######
##+####+#####


You could see a queen bee and 3 killer bees.

Vanquished Creatures
  A killer bee (D)
  3 oklob saplings (D)
  A worker ant (D)
  A river rat (D)
  A rat (D)
7 creatures vanquished.

Notes
Turn   | Place    | Note
-------+----------+-------------------------------------------
     0 | D        | GordonOverkill the Hill Orc Berserker began the quest for the Orb.
     0 | D        | Reached XP level 1. HP: 19/19 MP: 1/1
    11 | D        | HP: 1/28 [river rat (6)]
    12 | D        | Reached skill level 6 in Axes
    12 | D        | Reached XP level 2. HP: 2/26 MP: 2/2
   296 | D        | Noticed an oklob sapling
   300 | D        | Killed an oklob sapling
   300 | D        | Reached ** piety under Trog
   300 | D        | Reached skill level 9 in Axes
   300 | D        | Reached XP level 3. HP: 31/31 MP: 3/3
   305 | D        | Found the amulet of invisibility {+Inv}
   315 | D        | Reached skill level 10 in Axes
   315 | D        | Reached XP level 4. HP: 26/39 MP: 4/4
   433 | D        | Found an opulent altar of Gozag.
   433 | D        | Found a hazy altar of Hepliaklqana.
   433 | D        | Found a burning altar of Makhleb.
   433 | D        | Found a sparkling altar of Nemelex Xobeh.
   433 | D        | Found a sacrificial altar of Ru.
   433 | D        | Found a deep blue altar of Sif Muna.
   433 | D        | Found an ornate altar of the Wu Jian Council.
   433 | D        | Found a shimmering altar of Xom.
   433 | D        | Found a basalt altar of Yredelemnul.
   434 | D        | Found a viscous altar of Jiyva.
   434 | D        | Found a roughly hewn altar of Beogh.
   434 | D        | Found a snail-covered altar of Cheibriados.
   434 | D        | Found a bloodstained altar of Trog.
   434 | D        | Noticed an oklob sapling priest
   435 | D        | Found an iron altar of Okawaru.
   435 | D        | Found a shadowy altar of Dithmenos.
   435 | D        | Found a glowing silver altar of Zin.
   436 | D        | Found a hide-covered altar of Uskayaw.
   436 | D        | Found an ancient bone altar of Kikubaaqudgha.
   437 | D        | Found a stormy altar of Qazlal.
   437 | D        | Found a glowing golden altar of the Shining One.
   437 | D        | Found a white marble altar of Elyvilon.
   438 | D        | Found a radiant altar of Vehumet.
   438 | D        | Found a corrupted altar of Lugonu.
   452 | D        | Killed an oklob sapling priest
   452 | D        | Reached skill level 5 in Evocations
   585 | D        | Reached XP level 5. HP: 45/45 MP: 7/9
   624 | D        | Noticed a queen bee
   631 | D        | Reached *** piety under Trog
   639 | D        | Mangled by a killer bee

Vault maps used:
D:        dungeon_sprint_fedhas

Skill      XL: |  1  2  3  4  5 |
---------------+----------------+-----
Axes           | 6 9 10 | 10.4
Evocations     | 6 7 |  7.9
Fighting       | |  3.6
Armour         | |  2.1
Dodging        | |  1.5

Action                   |  1- 3 |  4- 6 || total
-------------------------+-------+-------++-------
Melee: Hand axe          |    16 |    24 ||    40
Invok: Berserk           |     2 |     3 ||     5
       Trog's Hand       |     1 |       ||     1
  Use: Potion            |     1 |       ||     1
  Eat: Chunk             |       |     1 ||     1
       Ration            |       |     1 ||     1
Armor: Animal skin       |       |     2 ||     2
Dodge: Dodged            |    12 |    15 ||    27

Table legend:
 A = Spawn XP
 B = Non-spawn XP
 C = Spawn XP percentage of total XP
 D = Spawn monster count
 E = Non-spawn monster count
 F = Spawn count percentage of total count
 G = Total turns spent on level
                    A         B        C        D         E        F      G
               +---------+---------+-------+---------+---------+-------+---------
         Total |       0 |     253 |   0.0 |       0 |       7 |   0.0 |   639
               +---------+---------+-------+---------+---------+-------+---------
             D |       0 |     253 |   0.0 |       0 |       7 |   0.0 |   639
               +---------+---------+-------+---------+---------+-------+---------
